 Dungeon Crawl Stone Soup version 0.31-a0-986-g5e6e4ef867 (webtiles) character file.

Game seed: 769981884207242872

641 wildpjah the Slasher (level 7, -1/42 HPs)
             Began as a Tengu Gladiator on Nov 20, 2023.
             Was an Initiate of Dithmenos.
             Slain by a water moccasin (5 damage)
             ... on level 5 of the Dungeon.
             The game lasted 00:09:42 (4143 turns).

wildpjah the Slasher (Tengu Gladiator)              Turns: 4143, Time: 00:09:44

Health: -1/42      AC:  5    Str: 12 (14) XL:     7   Next: 51%
Magic:  0/9        EV: 18    Int:  9      God:    Dithmenos [......]
Gold:   148        SH:  0    Dex: 17      Spells: 7/8 levels left

rFire   . . .        a - +0 long sword
rCold   . . .        (no shield)
rNeg    . . .        b - +0 leather armour
rPois   .            c - +1 hat
rElec   .            (no cloak)
rCorr   .            f - +0 pair of gloves
SInv    .            (boots unavailable)
Will    .....        k - amulet of guardian spirit
Stlth   ++           l - ring of protection from cold
HPRegen 0.27/turn    (no ring)
MPRegen 0.11/turn

%: acrobat, guardian spirit
@: lethally poisoned (-1 -> -21), attractive, flying
A: beak, talons 3, evasive flight, acrobatic, low MP 1, cold vulnerability 1
a: Renounce Religion


You were on level 5 of the Dungeon.
You worshipped Dithmenos.
Dithmenos was noncommittal.
You visited 2 branches of the dungeon, and saw 6 of its levels.
You also visited: Sewer.

You collected 148 gold pieces.

Inventory:

Hand Weapons
 a - a +0 long sword (weapon)
Missiles
 d - 3 throwing nets
 n - a javelin
 s - 2 atropa-tipped darts
Armour
 b - a +0 leather armour (worn)
 c - a +1 hat (worn)
 f - a +0 pair of gloves (worn)
 t - the +1 leather armour of Wacewamm {rF+ MP+9}
   (You found it on level 5 of the Dungeon)

   rF+:       It protects you from fire.
   MP+9:      It affects your magic capacity (+9).
Jewellery
 k - an amulet of guardian spirit (around neck)
 l - a ring of protection from cold (left hand)
Scrolls
 h - a scroll of identify
 i - a scroll of immolation
 q - a scroll of enchant armour
Potions
 g - 2 potions of enlightenment
 r - a potion of mutation


   Skills:
 * Level 3.7 Fighting
 + Level 6.0 Long Blades
 + Level 2.1 Throwing
 + Level 2.0 Armour
 * Level 5.0 Dodging
 + Level 1.1 Stealth
 + Level 1.4 Spellcasting
 + Level 1.7 Conjurations
 + Level 2.4 Air Magic


You had 7 spell levels left.
You knew the following spells:

 Your Spells              Type           Power      Damage    Failure   Level
a - Shock                 Conj/Air       16%        1d4       19%         1

Your spell library contained the following spells:

 Spells                   Type           Power      Damage    Failure   Level
 Cigotuvi's Dreadful Rot  Necr/Pois/Air  4%         N/A       45%         2
 Call Canine Familiar     Summ           0%         N/A       80%         3
 Gell's Gravitas          Tloc           0%         N/A       80%         3
 Ignite Poison            Fire/Tmut/Pois 0%         N/A       80%         3
 Sigil of Binding         Hex            0%         N/A       80%         3
 Teleport Other           Tloc           0%         N/A       80%         3
 Dimensional Bullseye     Hex/Tloc       0%         N/A       99%         4
 Leda's Liquefaction      Hex/Erth       0%         N/A       99%         4
 Freezing Cloud           Conj/Ice/Air   1%         6-21      100%        5
 Dispersal                Tloc           0%         N/A       100%        6


Dungeon Overview and Level Annotations

Branches:
Dungeon (5/15)             Temple (1/1) D:4           Sewer (visited)

Altars:
Ashenzari
Cheibriados
Dithmenos
Elyvilon
Fedhas
Gozag
Hepliaklqana
Kikubaaqudgha
Makhleb
Nemelex Xobeh
Qazlal
Ru
Sif Muna
Trog
Vehumet
Wu Jian
Xom
Zin
The Shining One


Innate Abilities, Weirdness & Mutations

You have a beak for a mouth.
You have claws for feet.
Your magical flight helps you evade attacks. (EV +4)
You can magically evade attacks while moving or waiting.
Your magical capacity is low. (-10% MP)
You are vulnerable to cold. (rC-)


Message History

The water moccasin bites you.
You are poisoned.
The water moccasin poisons you!
You feel very sick. The water moccasin bites you.
You are lethally poisoned!
The water moccasin poisons you!
You feel much better.
You feel very sick. The water moccasin bites you.
You slash the water moccasin!
The water moccasin is moderately wounded.
You feel very sick. The water moccasin misses you.
The water moccasin bites you.
You are lethally poisoned!
The water moccasin poisons you!
You miss the water moccasin. You claw the water moccasin.
You peck the water moccasin.
The water moccasin is heavily wounded.
You feel extremely sick. The water moccasin barely misses you.
You miss the water moccasin.
The water moccasin is heavily wounded.
You feel very sick.
The water moccasin completely misses you.
The water moccasin barely misses you.
You closely miss the water moccasin. You claw the water moccasin.
The water moccasin is severely wounded.
You feel very sick. The water moccasin bites you.
* * * LOW HITPOINT WARNING * * *
You are more poisoned.
The water moccasin poisons you!
You slash the water moccasin!
You kill the water moccasin!
Dithmenos accepts your kill.
* * * LOW HITPOINT WARNING * * *
You feel extremely sick. The water moccasin bites you!
You die...

..................#
..................#
..................#
####
..##>.............#
...#
..##.##...........#
...#
..##.###....####
...# ..##.#
####.### ...#
..##+# #...######
...# ....
###...@SO##...#
>... ######.†....#
... ####....###
####+# #..§........
.....# #...........
.#######
#...........
.#<....#
#...........
...###+###
#...........
.#.......#
#...........


You could see a water moccasin and an ogre.

Vanquished Creatures
  A water moccasin (D:5)
  A black bear (D:4)
  2 kobold brigands (Sewer)
  A scorpion (D:3)
  A jelly (D:4)
  2 orc priests (D:4)
  Natasha (twice) (D:2)
  2 iguanas (D:5)
  An orc wizard (D:4)
  Robin (D:4)
  A gnoll (D:3)
  An adder (D:2)
  A river rat (D:4)
  A white imp (D:3)
  2 worms
  2 dart slugs
  7 orcs
  An endoplasm (D:1)
  2 giant cockroaches
  18 goblins
  7 hobgoblins
  2 jackals (Sewer)
  4 quokkas
  8 ball pythons
  8 bats
  5 frilled lizards
  8 kobolds
  8 rats
100 creatures vanquished.

Notes
Turn   | Place    | Note
-------+----------+-------------------------------------------
     0 | D:1      | wildpjah the Tengu Gladiator began the quest for the Orb.
     0 | D:1      | Reached XP level 1. HP: 12/12 MP: 2/2
   135 | D:1      | Found a faded altar of an unknown god.
   153 | D:1      | Reached XP level 2. HP: 17/17 MP: 3/3
   457 | D:1      | Reached skill level 4 in Long Blades
   710 | D:2      | Reached XP level 3. HP: 21/21 MP: 4/4
  1090 | D:2      | Noticed Natasha
  1098 | D:2      | Killed Natasha
  1099 | D:2      | Reached XP level 4. HP: 8/27 MP: 5/5
  1181 | D:2      | Found an opulent altar of Gozag.
  1376 | D:2      | Noticed Natasha
  1387 | D:2      | Killed Natasha
  1484 | D:3      | Identified the "Hoolif"
  1579 | D:3      | Found a shimmering blue altar of Sif Muna.
  1608 | D:3      | Reached skill level 5 in Long Blades
  1608 | D:3      | Reached skill level 1 in Armour
  1608 | D:3      | Reached XP level 5. HP: 4/31 MP: 6/6
  1715 | D:3      | Learned a level 1 spell: Shock
  1841 | D:3      | Found a bloodstained altar of Trog.
  1995 | D:4      | Noticed Robin
  2048 | D:4      | Found a glowing drain.
  2058 | Sewer    | Entered a sewer
  2122 | Sewer    | Noticed a kobold brigand
  2123 | Sewer    | Noticed a kobold brigand
  2168 | Sewer    | Killed a kobold brigand
  2169 | Sewer    | Reached skill level 1 in Stealth
  2177 | Sewer    | Killed a kobold brigand
  2178 | Sewer    | Reached XP level 6. HP: 14/37 MP: 2/7
  2308 | Sewer    | Found a white marble altar of Elyvilon.
  2366 | D:4      | Reached skill level 1 in Air Magic
  2382 | D:4      | Gained mutation: Your magical capacity is low. (-10% MP)
                  | [potion of mutation]
  2382 | D:4      | Gained mutation: You are vulnerable to cold. (rC-) [potion
                  | of mutation]
  2598 | D:4      | Reached skill level 1 in Conjurations
  2615 | D:4      | Noticed a black bear
  2624 | D:4      | Killed a black bear
  2625 | D:4      | Gained mutation: Your magical flight helps you evade
                  | attacks. (EV +4) [Tengu growth]
  2625 | D:4      | Reached XP level 7. HP: 41/41 MP: 4/8
  2646 | D:4      | Killed Robin
  3054 | D:4      | Found a staircase to the Ecumenical Temple.
  3063 | Temple   | Entered the Ecumenical Temple
  3148 | Temple   | Became a worshipper of Dithmenos the Shadowed
  3307 | D:4      | Reached skill level 1 in Spellcasting
  3345 | D:4      | Reached skill level 5 in Dodging
  3932 | D:5      | Entered Level 5 of the Dungeon
  4010 | D:5      | Reached skill level 6 in Long Blades
  4120 | D:5      | Identified the +1 leather armour of Wacewamm {rF+ MP+9}
  4143 | D:5      | Slain by a water moccasin

Illustrated notes

Levels and vault maps discovered:
D:1:      heliophobic_arrival_battle_scene, layout_rooms,
          chequers_ecumenical_altar_twisty, minmay_stone_trees_small,
          nrook_campfire
D:2:      layout_basic, basic_altar, dreamdust_princess_corridor, uniq_natasha
D:3:      layout_rooms, nzn_overflow_gifts_of_might_and_magic
D:4:      minmay_evil_eye, layout_basic, temple_green,
          cheibrodos_sewer_entry_sluice, uniq_robin
D:5:      kennysheep_steamy, layout_basic, lemuel_round_altar,
          gammafunk_ghost_nasty_kobolds
Temple:   minmay_crystal_spiral_temple

Skill      XL: |  1  2  3  4  5  6  7 |
---------------+----------------------+-----
Long Blades    | 4 5 6 |  6.0
Armour         | 1 2 |  2.0
Dodging        | 4 5 |  5.0
Stealth        | 1 |  1.1
Fighting       | 3 |  3.7
Air Magic      | 1 2 |  2.4
Conjurations   | 1 |  1.7
Spellcasting   | 1 |  1.4
Throwing       | |  2.1

Action                     |  1- 3 |  4- 6 |  7- 9 || total
---------------------------+-------+-------+-------++-------
  Melee: Long sword        |    73 |   130 |    41 ||   244
         Kick              |    13 |    37 |     9 ||    59
         Peck              |    11 |    21 |     5 ||    37
         Punch             |     1 |     5 |     1 ||     7
  Throw: Javelin           |       |     1 |       ||     1
         Throwing net      |       |     1 |       ||     1
   Cast: Shock             |       |     6 |    39 ||    45
    Use: Scroll            |       |     7 |     1 ||     8
         Potion            |       |     4 |     5 ||     9
   Stab: Sleeping          |     2 |     1 |       ||     3
 Armour: Leather armour    |    26 |    72 |    25 ||   123
  Dodge: Dodged            |    49 |   115 |    47 ||   211

Table legend: (Time is in decaauts)
 A = Elapsed time spent in this place.
 B = Non-inter-level travel time spent in this place.
 C = Inter-level travel time spent in this place.
 D = Time resting spent in this place.
 E = Time spent auto-exploring this place.
 F = Levels seen in this place.
 G = Mean time per level.
                   A        B        C        D        E       F      G
               +--------+--------+--------+--------+--------+-----+--------+
         Total |   4235 |   3922 |    313 |    324 |   2733 |   7 |  605.0 |
       Dungeon |   3716 |   3571 |    145 |    267 |   2555 |   5 |  743.2 |
        Temple |    170 |      2 |    168 |      0 |      0 |   1 |  170.0 |
         Sewer |    348 |    348 |      0 |     57 |    178 |   1 |  348.0 |
               +--------+--------+--------+--------+--------+-----+--------+

Top non-repeatable levels by time:
     D:4: 1314 daAuts
     D:2: 938 daAuts
     D:3: 689 daAuts
     D:1: 562 daAuts
   Sewer: 348 daAuts
     D:5: 212 daAuts
  Temple: 170 daAuts
